 Dungeon Crawl Stone Soup version 0.30-a0-852-g08b95dd62f (webtiles) character file.

Game seed: 9220750570165571949

395 Mickster the Digger (level 6, -3/55 HPs)
             Began as a Troll Earth Elementalist on Mar 4, 2023.
             Slain by an iguana (6 damage)
             ... on level 6 of the Dungeon.
             The game lasted 00:34:03 (2109 turns).

Mickster the Digger (Troll Earth Elementalist)      Turns: 2109, Time: 00:34:04

Health: -3/55      AC:  4    Str: 19    XL:     6   Next: 52%
Magic:  7/7        EV: 10    Int: 11    God:
Gold:   86         SH:  0    Dex: 10    Spells: 7/8 levels left

rFire   + . .      SeeInvis .    e - +4 mace (venom)
rCold   x . .      Faith    .    (no shield)
rNeg    . . .      Spirit   .    a - +0 robe
rPois   +          Reflect  .    (helmet restricted)
rElec   .          Rampage  .    i - scarf {repulsion}
rCorr   .                        (gloves unavailable)
Will    .....                    (boots unavailable)
Stlth   ++                       (no amulet)
HPRegen 1.09/turn                d - ring of fire
MPRegen 0.10/turn                f - ring of poison resistance

@: repel missiles
A: large, unfitting armour, claws 3, regeneration 1, shaggy fur 1, tough skin 1
a: no special abilities


You were on level 6 of the Dungeon.
You visited 1 branch of the dungeon, and saw 4 of its levels.

You collected 86 gold pieces.

Inventory:

Hand Weapons
 e - a +4 mace of venom (weapon)
 p - a +1 dagger of venom
Missiles
 c - 14 stones
 n - 4 throwing nets (quivered)
Armour
 a - a +0 robe (worn)
 i - a scarf of repulsion (worn)
 j - a +0 leather armour
Jewellery
 d - a ring of fire (left claw)
 f - a ring of poison resistance (right claw)
Scrolls
 h - 2 scrolls of teleportation
 l - 2 scrolls of identify
 o - a scroll of enchant armour {unknown}
Potions
 b - a potion of magic
 g - a potion of brilliance
 m - a potion of invisibility


   Skills:
 + Level 1.3 Fighting
 * Level 3.3 Maces & Flails
 + Level 2.5 Dodging
 + Level 1.7 Stealth
 + Level 0.2 Unarmed Combat
 + Level 1.8 Spellcasting
 + Level 0.6 Transmutations
 + Level 3.7 Earth Magic


You had 7 spell levels left.
You knew the following spells:

 Your Spells              Type           Power      Damage    Failure   Level
a - Sandblast             Erth           18%        2d7       6%          1

Your spell library contained the following spells:

 Spells                   Type           Power      Damage    Failure   Level
 Passwall                 Tmut/Erth      4%         N/A       19%         2
 Stone Arrow              Conj/Erth      10%        3d7       38%         3
 Petrify                  Tmut/Erth      5%         N/A       77%         4


Dungeon Overview and Level Annotations

Branches:
Dungeon (3/15)             Temple (0/1) D:6

Altars:
Ashenzari
Gozag
Zin


Innate Abilities, Weirdness & Mutations

You are too large for most types of armour.
You have claws for hands.
Your natural rate of healing is unusually fast.
You are covered in fur. (AC +1)
You have tough skin. (AC +1)


Message History

The iguana closely misses you. The hound closely misses you.
The iguana closely misses you. The iguana bites you.
A jelly comes into view.
You closely miss the hound.
The jelly quivers.
The hound bites you. x2; The iguana bites you. x2
You miss the hound. The hound completely misses you.
The iguana bites you but does no damage.
The iguana bites you! The hound misses you.
You hit the hound.
The hound is poisoned.
The hound is lightly wounded.
The hound bites you. The iguana bites you! The iguana barely misses you.
The hound misses you.
You closely miss the hound.
The hound is moderately wounded.
The hound barely misses you. The iguana bites you.
* * * LOW HITPOINT WARNING * * *
The iguana closely misses you. The hound barely misses you.
The iguana bites you.
* * * LOW HITPOINT WARNING * * *
The iguana barely misses you.
You hit the hound.
The hound looks as sick as possible!
The hound is severely wounded.
You kill the hound!
The iguana closely misses you. The iguana bites you.
* * * LOW HITPOINT WARNING * * *
You sock the iguana!
The iguana is poisoned.
The iguana is heavily wounded.
The iguana barely misses you.
The iguana bites you but does no damage.
The jelly hits you but does no damage.
You hit the iguana.
The iguana looks as sick as possible!
The iguana is almost dead.
You kill the iguana!
The jelly hits you.
* * * LOW HITPOINT WARNING * * *
You are splashed with acid!
* * * LOW HITPOINT WARNING * * *
The iguana bites you.
You die...

### #.#
#...##......##....
...
#...##......#..#..
#.#
#...##............
._.
#...###.........#.
#.#
#...###.......#.#
.
#...##...........#
#............#.#.#
.......).J........
........@...#...#.
........†l#......
...##...#.....>..
... #.....#.....
.. .........#...
........... ..
..#.........# #
.....##.##...


You could see an iguana and a jelly.

Vanquished Creatures
  An ogre (D:6)
  A scorpion (D:6)
  A howler monkey (D:6)
  A hound (D:6)
  Jessica (D:3)
  An iguana (D:6)
  10 gnolls
  A worm (D:2)
  3 dart slugs
  An orc (D:6)
  3 ball pythons
  4 endoplasms
  4 giant cockroaches
  9 goblins
  5 hobgoblins
  A kobold (D:2)
  A quokka (D:2)
  4 bats
  A frilled lizard (D:1)
  4 rats
57 creatures vanquished.

Notes
Turn   | Place    | Note
-------+----------+-------------------------------------------
     0 | D:1      | Mickster the Troll Earth Elementalist began the quest for
                  | the Orb.
     0 | D:1      | Reached XP level 1. HP: 16/16 MP: 1/1
   143 | D:1      | Reached XP level 2. HP: 13/24 MP: 2/2
   240 | D:1      | Upgraded the game from 0.30-a0-847-g17996783a1 to
                  | 0.30-a0-852-g08b95dd62f
   440 | D:1      | Reached XP level 3. HP: 31/31 MP: 3/3
   958 | D:2      | Reached skill level 1 in Maces & Flails
   960 | D:2      | Reached XP level 4. HP: 39/39 MP: 1/4
  1683 | D:3      | Reached XP level 5. HP: 14/45 MP: 3/6
  1950 | D:3      | Noticed Jessica
  1956 | D:3      | Killed Jessica
  1979 | D:3      | Found a glowing silver altar of Zin.
  1979 | D:3      | Found a broken altar of Ashenzari.
  1979 | D:3      | You fall into a shaft and drop 3 floors!
  1997 | D:6      | Found an opulent altar of Gozag.
  2011 | D:6      | Reached skill level 1 in Fighting
  2013 | D:6      | Noticed an ogre
  2024 | D:6      | Killed an ogre
  2025 | D:6      | Reached XP level 6. HP: 8/55 MP: 7/7
  2081 | D:6      | Found a staircase to the Ecumenical Temple.
  2109 | D:6      | Slain by an iguana

Illustrated notes

Levels and vault maps discovered:
D:1:      minmay_arrival_stone_box, layout_rooms
D:2:      layout_basic
D:3:      layout_basic, mainiacjoe_overflow_paths,
          gammafunk_temple_overflow_pools, uniq_jessica
D:6:      layout_rooms, nicolae_gozag_cash_rules_everything_around_me,
          minmay_temple_entry_sparse_star, portal_sewer_entry_d

Skill      XL: |  1  2  3  4  5 |
---------------+----------------+-----
Earth Magic    | 3 |  3.7
Dodging        | 2 |  2.5
Maces & Flails | 1 3 |  3.3
Fighting       | 1 |  1.3
Stealth        | |  1.7
Unarmed Combat | |  0.2
Spellcasting   | |  1.8
Transmutations | |  0.6

Action                     |  1- 3 |  4- 6 || total
---------------------------+-------+-------++-------
  Melee: Mace              |    59 |    58 ||   117
         Unarmed           |     4 |       ||     4
  Throw: Throwing net      |       |     1 ||     1
   Cast: Sandblast         |    11 |    10 ||    21
    Use: Scroll            |     3 |     1 ||     4
         Potion            |     2 |     3 ||     5
   Stab: Sleeping          |     2 |       ||     2
         Invisible         |     1 |       ||     1
 Armour: Robe              |    33 |    15 ||    48
  Dodge: Dodged            |    45 |    54 ||    99
         Repelled          |       |     1 ||     1

Table legend: (Time is in decaauts)
 A = Elapsed time spent in this place.
 B = Non-inter-level travel time spent in this place.
 C = Inter-level travel time spent in this place.
 D = Time resting spent in this place.
 E = Time spent auto-exploring this place.
 F = Levels seen in this place.
 G = Mean time per level.
                   A        B        C        D        E       F      G
               +--------+--------+--------+--------+--------+-----+--------+
         Total |   2168 |   2009 |    159 |    267 |      0 |   4 |  542.0 |
       Dungeon |   2168 |   2009 |    159 |    267 |      0 |   4 |  542.0 |
               +--------+--------+--------+--------+--------+-----+--------+

Top non-repeatable levels by time:
     D:2: 1139 daAuts
     D:1: 574 daAuts
     D:3: 318 daAuts
     D:6: 135 daAuts
